 Dungeon Crawl Stone Soup version 0.17.1-2-g5865329 (webtiles) character file.

12 ololoev the Skirmisher (level 2, 0/24 HPs)
             Began as a Demonspawn Fighter on Feb 16, 2016.
             Killed from afar by Sigmund (2 damage)
             ... with a magic dart
             ... on level 2 of the Dungeon.
             The game lasted 00:01:12 (193 turns).

ololoev the Skirmisher (Demonspawn Fighter)          Turns: 193, Time: 00:01:13

Health: 0/24       AC:  6    Str: 16    XL:     2   Next: 20%
Magic:  2/2        EV:  6    Int:  9    God:
Gold:   46         SH:  9    Dex: 16    Spells: 0 memorised, 1 level left

rFire  . . .     SeeInvis .     a - +0 war axe
rCold  . . .     Clarity  .     b - +0 scale mail
rNeg   . . .     SustAt   .     c - +0 shield
rPois  .         Gourm    .     (helmet restricted)
rElec  .         Spirit   .     (no cloak)
rCorr  .         Warding  .     (no gloves)
rMut   .         Stasis   .     (no boots)
MR     .....                    (no amulet)
Stlth  ..........               (no ring)
                                g - +4 ring of dexterity

@: flying, not resistant to hostile enchantments, extremely unstealthy
A: antennae 1
a: no special abilities


Innate Abilities, Weirdness & Mutations

You have a pair of small antennae on your head.

Inventory:

Hand Weapons
 a - a +0 war axe (weapon)
Armour
 b - a +0 scale mail (worn)
 c - a +0 shield (worn)
Jewellery
 g - a +4 ring of dexterity (left hand)
Scrolls
 j - a scroll of identify {unknown}
 k - a scroll of amnesia {unknown}
Potions
 d - a potion of might
 h - a potion of curing {unknown}
 l - a potion of cure mutation {unknown}
Comestibles
 e - a bread ration
 i - a beef jerky


   Skills:
 - Level 3.0 Fighting
 * Level 2.5 Axes
 + Level 2.8 Armour
 - Level 2.6 Shields


You had one spell level left.
You didn't know any spells.


You were on level 2 of the Dungeon.
You were not hungry.

You visited 1 branch of the dungeon, and saw 2 of its levels.

You collected 46 gold pieces.

........#.= ......>..
#....... +...@..# .#
#......### .#
#........#########.#
...#..................#.
.......@..............#.
.?....................#.
.....##.................
.r.. +.................
..K #.................
.. #................. .
#.....†...#####...
#.........# #...
#........... #...

Notes
Turn   | Place    | Note
--------------------------------------------------------------
     0 | D:1      | ololoev the Demonspawn Fighter began the quest for the Orb.
     0 | D:1      | Reached XP level 1. HP: 18/18 MP: 1/1
   135 | D:2      | Found a shattered altar of Ashenzari.
   137 | D:2      | Found a sacrificial altar of Ru.
   138 | D:2      | Found a shadowy altar of Dithmenos.
   185 | D:2      | Gained mutation: You have a pair of small antennae on your head. [demonic ancestry]
   185 | D:2      | Reached XP level 2. HP: 6/24 MP: 2/2
   185 | D:2      | HP: 1/24 [worm (5)]
   191 | D:2      | Noticed Sigmund
   193 | D:2      | Killed from afar by Sigmund

Dungeon Overview and Level Annotations

Branches:
Dungeon (2/15)

Altars:
Ashenzari
Dithmenos
Ru

Annotations:
D:2 Sigmund


Message History

You are too injured to fight recklessly!
Unknown command.
You are too injured to fight recklessly!
You hit the worm but do no damage.
The worm is heavily wounded.
You closely miss the hobgoblin.
The hobgoblin is heavily wounded.
The hobgoblin hits you.
Unknown command.
You barely miss the worm.
The worm is heavily wounded.
You hit the hobgoblin.
The hobgoblin is severely wounded.
The hobgoblin hits you but does no damage.
The worm bites you. You block the hobgoblin's attack.
Unknown command.
You hit the worm.
The worm is heavily wounded.
You hit the hobgoblin.
You kill the hobgoblin!
You have reached level 2!
Your demonic ancestry asserts itself...
A pair of antennae grows on your head! The worm bites you.
You slash the worm!
You kill the worm!
l - a viscous purple potion Sigmund the Dreaded comes into view.
He is wielding a scythe.
Found a scroll labeled LIWKAFITZA.
Found a stone staircase leading down.
A rat and a kobold come into view.
The kobold throws a stone.
You block the stone.
Found a ring of dexterity.
You see here a stone.
Drink which item? (? for menu, Esc to quit)
It was a potion of flight.
You feel very buoyant.
You fly up into the air.
Sigmund points at you and mumbles some strange words.
The magic dart hits you!
You die...

You could see Sigmund, a kobold and a rat.

Vanquished Creatures
  A worm (D:2)
  2 goblins (D:1)
  2 hobgoblins
  A quokka (D:2)
  A bat (D:1)
  A giant newt (D:2)
  2 rats
10 creatures vanquished.

Action                   || total
-------------------------++-------
Melee: War axe           ||    25
  Use: Potion            ||     1

Vault maps used:
D:1:      minmay_arrival_four_houses
D:2:      minitemple, lemuel_coloured_pillars_altar, uniq_sigmund
